 Dungeon Crawl Stone Soup version 0.31-a0-193-gdfe2569204 (webtiles) character file.

Game seed: 14645122790096774230

7 qw the Shooter (level 1, 0/12 HPs)
             Began as a Deep Elf Hunter on June 24, 2023.
             Slain by a kobold
             ... wielding a +0 dagger
              (1 damage)
             ... on level 1 of the Dungeon.
             The game lasted 00:00:04 (96 turns).

qw the Shooter (Deep Elf Hunter)                      Turns: 96, Time: 00:00:04

Health: 0/12       AC:  3    Str:  8    XL:     1   Next: 91%
Magic:  3/3        EV: 12    Int: 13    God:
Gold:   11         SH:  0    Dex: 18    Spells: 0/0 levels left

rFire   . . .        a - +0 shortbow
rCold   . . .        (shield currently unavailable)
rNeg    . . .        c - +0 leather armour
rPois   .            (no helmet)
rElec   .            (no cloak)
rCorr   .            (no gloves)
SInv    .            (no boots)
Will    .....        (no amulet)
Stlth   ++           (no ring)
HPRegen 0.22/turn    (no ring)
MPRegen 0.08/turn

%: no passive effects
@: no status effects
A: no striking features
a: no special abilities


You were on level 1 of the Dungeon.
You visited 1 branch of the dungeon, and saw 1 of its levels.

You collected 11 gold pieces.


   Skills:
 - Level 1.5 Fighting
 + Level 5.9 Ranged Weapons
 - Level 2.4 Dodging
 - Level 1.2 Stealth


You couldn't memorise any spells.
You didn't know any spells.
Your spell library was empty.

Inventory:

Hand Weapons
 a - a +0 shortbow (weapon)
Armour
 c - a +0 leather armour (worn)
Scrolls
 b - a scroll of butterflies

Dungeon Overview and Level Annotations

Branches:
Dungeon (1/15)

Altars:


Message History

You shoot an arrow. The arrow hits the goblin!
You kill the goblin!
A hobgoblin comes into view.
Enter note: You shoot an arrow.
The arrow hits the hobgoblin but does no damage.
The hobgoblin shouts!
A kobold comes into view. It is wielding a +0 dagger.
You shoot an arrow. The kobold shouts!
The arrow hits the hobgoblin.
The hobgoblin is heavily wounded.
A bat comes into view.
You shoot an arrow. The arrow closely misses the hobgoblin.
The kobold throws a stone.
The stone hits you but does no damage.
You shoot an arrow. The arrow barely misses the bat.
The bat hits you but does no damage.
You shoot an arrow. The arrow closely misses the bat.
The bat hits you.
The kobold throws a stone.
The stone barely misses you.
You shoot an arrow. The arrow closely misses the bat.
The bat hits you. The bat barely misses you. The hobgoblin hits you.
You shoot an arrow. The arrow hits the hobgoblin.
The hobgoblin is severely wounded.
The bat barely misses you. The hobgoblin hits you.
You shoot an arrow. The arrow barely misses the hobgoblin.
The bat hits you. The hobgoblin completely misses you.
You shoot an arrow. The arrow barely misses the hobgoblin.
The bat closely misses you. The kobold barely misses you.
The hobgoblin misses you.
You shoot an arrow.
The arrow hits the hobgoblin but does no damage.
The hobgoblin is severely wounded.
The bat hits you. The bat completely misses you.
The kobold hits you with a +0 dagger. The hobgoblin barely misses you.
You shoot an arrow.
The arrow completely misses the hobgoblin.
The bat misses you. The kobold closely misses you. The hobgoblin hits you.
You shoot an arrow. The arrow closely misses the hobgoblin.
The bat barely misses you. The kobold hits you with a +0 dagger.
You die...

#...## ..
##...###...>....
#..............
#...###........
#%..###....)...
#..............
#...###........
#.....#Kb......
#...#..@g......
##..####...[)..
..... ....$.#
###### #######


You could see a hobgoblin, a bat and a kobold.

Vanquished Creatures
  A bat (D:1)
  An endoplasm (D:1)
  2 goblins (D:1)
  A hobgoblin (D:1)
  A frilled lizard (D:1)
6 creatures vanquished.

Notes
Turn   | Place    | Note
-------+----------+-------------------------------------------
     0 | D:1      | qw the Deep Elf Hunter began the quest for the Orb.
     0 | D:1      | Reached XP level 1. HP: 12/12 MP: 3/3
     0 | D:1      | 0 ||| qw: Version: 0.3-a-9-g12657ce
     0 | D:1      | 0 ||| qw: Game counter: 4718
     0 | D:1      | 0 ||| qw: Always use a shield: true
     0 | D:1      | 0 ||| qw: God list: Okawaru
     0 | D:1      | 0 ||| qw: Allow faded altars: false
     0 | D:1      | 0 ||| qw: Do Orc after D:15 true
     0 | D:1      | 0 ||| qw: Do second Lair branch before Depths: true
     0 | D:1      | 0 ||| qw: Lair rune preference: random
     0 | D:1      | 0 ||| qw: Plans: Normal
     0 | D:1      | 0 ||| PLANNING D:1-11
    94 | D:1      | HP: 2/12 [kobold/+0 dagger (2)]
    96 | D:1      | Slain by a kobold

Levels and vault maps discovered:
D:1:      denvon_arrival_waterhouse, layout_rooms

Action                     || total
---------------------------++-------
   Fire: Shortbow          ||    21
 Armour: Leather armour    ||     2
  Dodge: Dodged            ||    12

Table legend:
 A = Non-vault XP
 B = Vault XP
 C = Vault XP percentage of total XP
 D = Non-vault monster count
 E = Vault monster count
 F = Vault count percentage of total count
                 A         B        C        D         E       F
            +---------+---------+-------+---------+---------+-------
      Total |      11 |       0 |   0.0 |       6 |       0 |   0.0
            +---------+---------+-------+---------+---------+-------
        D:1 |      11 |       0 |   0.0 |       6 |       0 |   0.0
            +---------+---------+-------+---------+---------+-------
